 Dungeon Crawl Stone Soup version 0.24-a0-760-g74cc3ae (webtiles) character file.

Game seed: 4552349485929632641, levelgen mode: deterministic

252 DocClef the Skirmisher (level 5, 0/47 HPs)
             Began as a Demonspawn Fighter on Oct 2, 2019.
             Slain by an ogre
             ... wielding a +0 giant spiked club
              (30 damage)
             ... on level 4 of the Dungeon.
             The game lasted 00:02:37 (2905 turns).

DocClef the Skirmisher (Demonspawn Fighter)         Turns: 2905, Time: 00:02:37

Health: 0/47       AC:  7    Str: 17    XL:     5   Next: 89%
Magic:  5/5        EV:  6    Int:  9    God:
Gold:   105        SH:  9    Dex: 15    Spells: 4/4 levels left

rFire    . . .     SeeInvis .   h - +1 short sword (venom)
rCold    + . .     Gourm    .   c - +0 shield
rNeg     . . .     Faith    .   b - +0 scale mail
rPois    .         Spirit   .   (no helmet)
rElec    .         Reflect  .   g - +0 cloak
rCorr    .         Harm     .   (no gloves)
MR       .....                  (no boots)
Stlth    +.........             (no amulet)
HPRegen  0.15/turn              (no ring)
MPRegen  0.09/turn              (no ring)

@: no status effects
A: thin skeletal structure 1, cold resistance 1
a: no special abilities


You were on level 4 of the Dungeon.
You were hungry.

You visited 1 branch of the dungeon, and saw 4 of its levels.

You collected 105 gold pieces.

Inventory:

Hand Weapons
 a - a +0 war axe
 h - a +1 short sword of venom (weapon)
Armour
 b - a +0 scale mail (worn)
 c - a +0 shield (worn)
 g - a +0 cloak (worn)
Jewellery
 p - a cursed ring of attention {unknown}
 t - a cursed ring of resist corrosion {unknown}
 w - a cursed amulet of faith {unknown}
Wands
 s - a wand of disintegration (10)
Scrolls
 k - 10 scrolls of identify {unknown}
 m - 3 scrolls of enchant armour {unknown}
 n - a scroll of enchant weapon {unknown}
 o - 2 scrolls of teleportation {unknown}
 q - 2 scrolls of fog {unknown}
 r - a scroll of blinking {unknown}
 v - a scroll of remove curse {unknown}
Potions
 d - 2 potions of might
 e - a potion of heal wounds {unknown}
 i - a potion of curing
 j - a potion of degeneration {unknown}
 l - a potion of invisibility {unknown}
 u - a potion of magic
Comestibles
 f - 8 rations


   Skills:
 + Level 6.7 Fighting
 - Level 1.7 Axes
 - Level 2.6 Armour
 - Level 2.6 Shields


You had 4 spell levels left.
You didn't know any spells.
Your spell library was empty.

Dungeon Overview and Level Annotations

Branches:
Dungeon (4/15)
 Temple: D:4-7

Altars:
Ashenzari
Cheibriados
Nemelex Xobeh
Zin


Innate Abilities, Weirdness & Mutations

You have a somewhat thin skeletal structure. (Dex +2, Stealth)
Your flesh is cold resistant. (rC+)


Message History

You block the iguana's attack.
You hit the iguana but do no damage.
The iguana looks as sick as possible!
The iguana is heavily wounded.
The iguana bites you.
You closely miss the iguana.
The iguana is severely wounded.
You kill the iguana!
You closely miss the orc. The orc hits you with a +0 short sword.
You hit the orc.
The orc is poisoned.
The orc is almost dead.
The orc hits you but does no damage.
Your shield and scale mail prevent you from hitting the orc.
The orc is almost dead.
You block the orc's attack.
You puncture the orc!
You kill the orc!
You completely miss the ogre.
The ogre hits you with a +0 giant spiked club!!
Ouch! That really hurt!
You die...

.#....##.#
+#.##.##.#
...##.##.#
...##.##.#
.......#.#
..######.### ..#
#...# # ..#
######'#######.#
..#.......[....O@..#
..#..........#######
..#..........#
.##..........# .#
..........# .#
....!.....# .#
..........#
...O.....#


You could see an ogre.

Vanquished Creatures
  A bullfrog skeleton (D:3)
  2 iguanas (D:4)
  A worker ant (D:4)
  A hound skeleton (D:4)
  5 adders
  An ooze (D:3)
  An adder skeleton (D:4)
  2 worms
  2 dart slugs
  4 leopard geckos (D:1)
  6 orcs
  8 bats
  4 giant cockroaches
  3 goblins
  3 hobgoblins
  8 jackals
  7 kobolds
  A quokka (D:3)
  A ball python (D:3)
  6 frilled lizards
  4 rats
71 creatures vanquished.

Notes
Turn   | Place    | Note
-------+----------+-------------------------------------------
     0 | D:1      | DocClef the Demonspawn Fighter began the quest for the Orb.
     0 | D:1      | Reached XP level 1. HP: 18/18 MP: 1/1
   139 | D:1      | Gained mutation: Your flesh is cold resistant. (rC+)
                  | [demonic ancestry]
   139 | D:1      | Reached XP level 2. HP: 24/24 MP: 2/2
   649 | D:2      | Reached skill level 4 in Fighting
   674 | D:1      | Reached XP level 3. HP: 13/30 MP: 3/3
  1594 | D:3      | Reached XP level 4. HP: 38/38 MP: 4/4
  1628 | D:3      | Reached skill level 5 in Fighting
  1774 | D:3      | Found a shattered altar of Ashenzari.
  1964 | D:3      | Found a sparkling altar of Nemelex Xobeh.
  2189 | D:3      | Gained mutation: You have a somewhat thin skeletal
                  | structure. (Dex +2, Stealth) [demonic ancestry]
  2189 | D:3      | Reached XP level 5. HP: 40/46 MP: 5/5
  2255 | D:3      | Found a faded altar of an unknown god.
  2452 | D:4      | Reached skill level 6 in Fighting
  2584 | D:4      | Found a snail-covered altar of Cheibriados.
  2625 | D:4      | Found a glowing silver altar of Zin.
  2890 | D:4      | Noticed an ogre
  2905 | D:4      | Slain by an ogre

Levels and vault maps discovered:
D:1:      dpeg_arrival_houses_and_road, layout_basic
D:2:      layout_rooms
D:3:      layout_basic, lemuel_crystal_altar, first_ration,
          chequers_ecumenical_altar_grove, minmay_misc_feat_rugged,
          nemelex_lonely_heart_becter
D:4:      layout_basic, cheibriados_altar_1, minmay_temple_entry_proselytizer,
          corner_web_ring, lemuel_tele_altar

Skill      XL: |  1  2  3  4  5 |
---------------+----------------+-----
Fighting       | 4 5 6 |  6.7
Axes           | |  1.7
Armour         | |  2.6
Shields        | |  2.6

Action                   |  1- 3 |  4- 6 || total
-------------------------+-------+-------++-------
Melee: Short sword       |   125 |   147 ||   272
       War axe           |     1 |       ||     1
  Use: Potion            |       |     3 ||     3
  Eat: Chunk             |     1 |     5 ||     6
Armor: Scale mail        |    69 |    58 ||   127
Dodge: Dodged            |    37 |    41 ||    78
Block: Shield            |    71 |    77 ||   148

Table legend:
 A = Non-vault XP
 B = Vault XP
 C = Vault XP percentage of total XP
 D = Non-vault monster count
 E = Vault monster count
 F = Vault count percentage of total count
                 A         B        C        D         E       F
            +---------+---------+-------+---------+---------+-------
      Total |     360 |       0 |   0.0 |      71 |       0 |   0.0
            +---------+---------+-------+---------+---------+-------
        D:1 |      38 |       0 |   0.0 |      19 |       0 |   0.0
        D:2 |      44 |       0 |   0.0 |      17 |       0 |   0.0
        D:3 |     116 |       0 |   0.0 |      20 |       0 |   0.0
        D:4 |     162 |       0 |   0.0 |      15 |       0 |   0.0
            +---------+---------+-------+---------+---------+-------
